 Dungeon Crawl Stone Soup version 0.19-a0-1238-gee6bd96 (webtiles) character file.

693 Ijustatesigmund the Conjurer (level 7, -10/45 HPs)
             Began as an Octopode Conjurer on Aug 26, 2016.
             Was an Initiate of Vehumet.
             Mangled by an orc warrior
             ... wielding a +0 flail
              (12 damage)
             ... on level 7 of the Dungeon.
             The game lasted 00:18:04 (5815 turns).

Ijustatesigmund the Conjurer (Octopode Conjurer)    Turns: 5815, Time: 00:18:05

Health: -10/45     AC:  1    Str:  7    XL:     7   Next: 64%
Magic:  1/10       EV: 14    Int: 20    God:    Vehumet [......]
Gold:   184        SH:  0    Dex: 12    Spells: 4 memorised, 0 levels left

rFire  . . .     SeeInvis .     c - +1 short sword
rCold  + + .     Gourm    .     (no shield)
rNeg   . . .     Faith    .     (helmet restricted)
rPois  .         Spirit   .     (no amulet)
rElec  .         Dismiss  .     d - ring of protection from cold
rCorr  .         Reflect  .     e - ring of protection from cold
MR     .....     Harm     .     t - ring of flight
Stlth  +++.......               (no ring)
                                (no ring)
                                (no ring)
                                (no ring)
                                (no ring)

@: no status effects
A: almost no armour, amphibious, 8 rings, constrict 8, camouflage 1, gelatinous
body 1
a: Renounce Religion, Evoke Flight


You were on level 7 of the Dungeon.
You worshipped Vehumet.
Vehumet was noncommittal.
You were not hungry.

You visited 2 branches of the dungeon, and saw 9 of its levels.

You collected 244 gold pieces.
You spent 60 gold pieces at shops.

Inventory:

Hand Weapons
 c - a +1 short sword (weapon)
 q - a +3 blowgun
Missiles
 v - 6 poisoned needles
Armour
 l - a +0 buckler
Jewellery
 d - a ring of protection from cold (left tentacle)
 e - a ring of protection from cold (right tentacle)
 t - a ring of flight (on tentacle)
Wands
 s - a wand of polymorph (23/24)
Scrolls
 u - 2 scrolls of remove curse
Potions
 f - 3 potions of brilliance
 g - 2 potions of curing
 h - 3 potions of cancellation {unknown}
 i - a potion of agility {unknown}
 k - a potion of haste {unknown}
 m - 2 potions of degeneration {unknown}
 o - a potion of flight {unknown}
 r - a potion of heal wounds {unknown}
Books
 a - a book of Conjurations

   Spells                             Type                      Level
   a - Magic Dart                     Conjuration                  1
   b - Searing Ray                    Conjuration                  2
   c - Dazzling Spray                 Conjuration/Hexes            3
   d - Fulminant Prism                Conjuration/Hexes            4
   e - Iskenderun's Mystic Blast      Conjuration                  4
   f - Iskenderun's Battlesphere      Conjuration/Charms           5
Comestibles
 b - 5 bread rations
 j - 2 beef jerkies
 n - 2 meat rations
 p - 2 fruits


   Skills:
 - Level 2.3 Fighting
 - Level 2.2 Short Blades
 - Level 1.1 Throwing
 - Level 2.7 Dodging
 - Level 2.6 Stealth
 - Level 2.0 Spellcasting
 + Level 5.5 Conjurations
 + Level 5.3 Hexes


You couldn't memorise any spells.
You knew the following spells:

 Your Spells              Type           Power        Failure   Level  Hunger
a - Magic Dart            Conj           ###.         1%          1    #......
b - Searing Ray           Conj           ###...       2%          2    ##.....
c - Dazzling Spray        Conj/Hex       ###...       8%          3    ###....
d - Fulminant Prism       Conj/Hex       ###.......   21%         4    #####..


Dungeon Overview and Level Annotations

Branches:
Dungeon (8/15)             Temple (1/1) D:4
   Lair: D:8-11

Altars:
Ashenzari
Cheibriados
Dithmenos
Elyvilon
Fedhas
Gozag
Kikubaaqudgha
Makhleb
Nemelex Xobeh
Okawaru
Qazlal
Ru
Sif Muna
Trog
Uskayaw
Vehumet
Xom
Yredelemnul
Zin
The Shining One

Shops:
D:4 (

Annotations:
D:3 Torax's ghost, amateur OgAM
D:4 Torax's ghost, novice OgAM
D:6 Torax's ghost, novice OgAM


Innate Abilities, Weirdness & Mutations

You cannot wear most types of armour.
You are amphibious.
You can wear up to eight rings at the same time.
You can use your tentacles to constrict eight enemies at once.
Your skin changes colour to match your surroundings (Stealth+).
Your rubbery body absorbs attacks. (AC +1, EV +1)


Message History

Confirm with . or Enter, or press ? or * to list all spells.
Aiming: Magic Dart
Press: ? - help, Shift-Dir - straight line, f - orc
Aim: an orc, wielding a hand axe and wearing a ring mail The magic dart hits the orc.
The orc is moderately wounded.
Casting: Magic Dart
Confirm with . or Enter, or press ? or * to list all spells.
Aiming: Magic Dart
Press: ? - help, Shift-Dir - straight line, f/p - orc
Aim: an orc, wielding a hand axe and wearing a ring mail (moderately wounded)
The magic dart hits the orc.
The orc is heavily wounded.
You climb upwards.
The orc warrior closely misses you. The orc warrior hits you with a flail!
* * * LOW HITPOINT WARNING * * *
An orc comes into view. It is wielding a club.
There is a stone staircase leading down here.
The orc moves out of view.
The orc warrior hits you with a flail!
You die...

# #.# #####.# #......
#+# #.###.# #.# #.#
#.# #########.#
#.###.# #.........##
#.....#
###...o.o..o.####
#..####
(o)(....#.@...#.##
#..#
###.###.##...#.#.##
#..####
#.......###.###......
####..##.#.......####
........###.########
#######.# ### #.# #.#
#.#


You could see an orc warrior, an orc priest and an orc wizard.

Vanquished Creatures
  An ogre (D:5)
  A centaur (D:5)
  2 scorpions
  A crimson imp (D:7)
  2 orc priests
  A jelly (D:5)
  2 hounds
  An iguana (D:5)
  An orc wizard (D:8)
  2 worker ants
  A howler monkey skeleton (D:4)
  3 adders
  3 oozes
  3 worms (D:2)
  A dart slug (D:1)
  3 giant geckos
  16 orcs
  A ball python (D:2)
  3 giant cockroaches
  3 goblins
  3 hobgoblins
  16 jackals
  9 kobolds
  4 bats
  2 giant gecko skeletons (D:4)
  6 giant newts
  4 rats
95 creatures vanquished.

Vanquished Creatures (others)
  2 fulminant prisms (D:6)
2 creatures vanquished.

Grand Total: 97 creatures vanquished

Notes
Turn   | Place    | Note
-------+----------+-------------------------------------------
     0 | D:1      | Ijustatesigmund the Octopode Conjurer began the quest for the Orb.
     0 | D:1      | Reached XP level 1. HP: 11/11 MP: 3/3
    54 | D:1      | Reached skill level 1 in Fighting
    54 | D:1      | Reached XP level 2. HP: 4/18 MP: 0/5
   277 | D:1      | Learned a level 2 spell: Searing Ray
   443 | D:1      | Reached skill level 1 in Short Blades
   633 | D:1      | Reached XP level 3. HP: 23/23 MP: 3/6
   638 | D:1      | Learned a level 3 spell: Dazzling Spray
   774 | D:1      | Reached skill level 1 in Hexes
  1516 | D:2      | Reached XP level 4. HP: 24/28 MP: 3/7
  1617 | D:2      | Found a burning altar of Makhleb.
  1884 | D:2      | Found a glowing golden altar of the Shining One.
  2305 | D:2      | Found a bloodstained altar of Trog.
  2416 | D:3      | Noticed Torax's ghost (amateur OgAM)
  2455 | D:4      | Found a deep blue altar of Sif Muna.
  2464 | D:4      | Found an opulent altar of Gozag.
  2465 | D:4      | Found a sacrificial altar of Ru.
  2465 | D:4      | Found a shadowy altar of Dithmenos.
  2465 | D:4      | Found a hide-covered altar of Uskayaw.
  2465 | D:4      | Found a basalt altar of Yredelemnul.
  2469 | D:4      | Found a blossoming altar of Fedhas.
  2536 | D:4      | Found Goosch's Antique Weapon Shop.
  2547 | D:4      | Bought a glowing blowgun for 60 gold pieces
  2625 | D:4      | Reached skill level 5 in Conjurations
  2625 | D:4      | Reached XP level 5. HP: 11/33 MP: 4/8
  2994 | D:4      | Found a snail-covered altar of Cheibriados.
  3086 | D:4      | Found a staircase to the Ecumenical Temple.
  3091 | Temple   | Entered the Ecumenical Temple
  3145 | Temple   | Became a worshipper of Vehumet
  3296 | D:4      | Noticed Torax's ghost (novice OgAM)
  3469 | D:5      | Entered Level 5 of the Dungeon
  3639 | D:5      | Noticed an ogre
  3642 | D:5      | Killed an ogre
  3642 | D:5      | Reached XP level 6. HP: 38/38 MP: 4/9
  4078 | D:5      | Reached skill level 5 in Hexes
  4606 | D:6      | Reached XP level 7. HP: 43/43 MP: 5/10
  4658 | D:6      | Learned a level 4 spell: Fulminant Prism
  4841 | D:6      | Noticed Torax's ghost (novice OgAM)
  5507 | D:7      | Reached skill level 1 in Throwing
  5814 | D:7      | HP: 2/45 [orc warrior/flail (16)]
  5815 | D:7      | Mangled by an orc warrior

Vault maps used:
D:1:      dpeg_arrival_tiny_d, minmay_strange_pillars, minmay_misc_feat_plants,
          due_unseen_surprise
D:2:      grunt_temple_overflow_open, lightli_temple_of_fire
D:3:      first_bread, uniq_natasha
D:4:      lemuel_doored_altar, minitemple, serial_shops, shop
D:6:      lemuel_round_altar, serial_shops, nicolae_shop_overgrown_old_shop,
          uniq_duvessa
D:7:      serial_shops, shop
Temple:   compressed_dpeg_triangle_lava_temple

Skill      XL: |  1  2  3  4  5  6  7 |
---------------+----------------------+-----
Fighting       | 1 2 |  2.3
Short Blades   | 1 2 |  2.2
Hexes          | 1 2 3 5 |  5.3
Conjurations   | 5 |  5.5
Throwing       | 1 |  1.1
Dodging        | |  2.7
Stealth        | |  2.6
Spellcasting   | |  2.0

Action                   |  1- 3 |  4- 6 |  7- 9 || total
-------------------------+-------+-------+-------++-------
Melee: Unarmed           |    16 |       |       ||    16
       Tentacles         |    13 |     8 |     5 ||    26
       Constrict         |    11 |     9 |     5 ||    25
       Short sword       |    46 |    34 |    23 ||   103
 Fire: Blowgun           |       |       |     3 ||     3
 Cast: Magic Dart        |    62 |    69 |    55 ||   186
       Searing Ray       |       |     6 |       ||     6
       Dazzling Spray    |       |     1 |       ||     1
       Fulminant Prism   |       |       |     2 ||     2
  Use: Scroll            |     2 |     7 |     1 ||    10
 Stab: Sleeping          |     1 |     4 |       ||     5
  Eat: Chunk             |     3 |    10 |     4 ||    17
       Fruit             |       |       |     2 ||     2
Armor: Skin              |     4 |     1 |       ||     5
Dodge: Dodged            |    45 |    28 |    17 ||    90
